 Dungeon Crawl Stone Soup version 0.30-a0-870-gc5d4c5acee (webtiles) character file.

Game seed: 15883687005822244081

17945 IndexError the Cruncher (level 12, 0/77 HPs)
             Began as a Gargoyle Fire Elementalist on Mar 11, 2023.
             Was an Initiate of Ashenzari.
             Killed from afar by an ice statue (16 damage)
             ... with a shard of ice
             ... in an ice cave.
             The game lasted 00:54:50 (13159 turns).

IndexError the Cruncher (GrFE)                     Turns: 13159, Time: 00:54:51

Health: 0/77       AC: 30    Str: 12    XL:     12   Next: 53%
Magic:  21/21      EV:  9    Int: 21    God:    Ashenzari [......]
Gold:   872        SH:  0    Dex: 10    Spells: 17/23 levels left

rFire   . . .      SeeInvis +    a - +5 lajatang (speed)
rCold   + . .      Faith    .    (shield currently unavailable)
rNeg    + . .      Spirit   .    r - +7 Kryia's mail coat {PotionHeal*2 rC+}
rPois   ∞          Reflect  .    x - +1 hat {SInv}
rElec   +          Rampage  .    m - +2 cloak
rCorr   .                        G - +2 pair of gloves
Will    +....                    J - +1 pair of boots Stlth
                                 g - amulet of magic regeneration
HPRegen 0.32/turn                (no ring)
MPRegen 0.57/turn                w - ring of willpower

@: hasted, studying Ranged Weapons, very quick
A: sickness immunity, AC +8, negative energy resistance 1, electricity
resistance, torment resistance 1, petrification resistance
a: Renounce Religion, Curse Item


You were in an ice cave.
You worshipped Ashenzari.
Ashenzari was noncommittal.
You visited 2 branches of the dungeon, and saw 13 of its levels.
You also visited: Sewer, Bailey and Ice Cave.

You collected 872 gold pieces.

Inventory:

Hand Weapons
 a - a +5 lajatang of speed (weapon)
   (You acquired it on level 6 of the Dungeon)
 H - a +3 sling
   (You found it on level 12 of the Dungeon)
Missiles
 p - 2 boomerangs of dispersal {=f}
 D - 3 throwing nets {=f, !d}
Armour
 m - a +2 cloak (worn)
   (You took it off Crazy Yiuf on level 2 of the Dungeon)
 r - the +7 Kryia's mail coat (worn) {PotionHeal*2 rC+}
   (You found it on level 5 of the Dungeon)

   PotionHeal*2: Potions heal its wearer twice as much.
   rC:        It protects you from cold.
 x - a +1 hat of see invisible (worn)
   (You took it off Gastronok on level 9 of the Dungeon)
 G - a +2 pair of gloves (worn)
   (You found it on level 11 of the Dungeon)
 J - a +1 pair of boots (worn)
   (You found it in an ice cave)
Magical Staves
 b - a staff of fire {rF+}
   (You found it in an ice cave)
Jewellery
 g - an amulet of magic regeneration (around neck)
   (You found it on level 3 of the Dungeon)
 n - the ring of Diregg {rF+ rC- rN+ Will+++ Slay+4}
   (You acquired it on level 6 of the Dungeon)

   [ring of slaying]

   Slay:      It affects your accuracy & damage with ranged weapons and melee
   (+4).
   rF:        It protects you from fire.
   rC:        It makes you vulnerable to cold.
   rN:        It protects you from negative energy.
   Will:      It greatly increases your willpower.
 w - a ring of willpower (right hand)
   (You found it on level 9 of the Dungeon)
 y - a +6 ring of dexterity
   (You found it on level 10 of the Dungeon)
Wands
 s - a wand of mindburst (11)
   (You took it off a gnoll bouda on level 4 of the Dungeon)
 t - a wand of light (9)
   (You took it off an orc on level 6 of the Dungeon)
 v - a wand of paralysis (5)
   (You took it off an orc on level 9 of the Dungeon)
Scrolls
 e - 2 scrolls of identify
 o - 5 scrolls of teleportation
 A - a scroll of poison
 B - a scroll of fear
 F - 2 scrolls of magic mapping {!r}
Potions
 c - a potion of berserk rage {!q}
 d - 2 potions of lignification {!q}
 h - 3 potions of brilliance
 i - 7 potions of curing
 j - 5 potions of might
 k - 4 potions of magic
 u - a potion of attraction {!q}
 z - a potion of ambrosia
 E - a potion of degeneration {!q}
Miscellaneous
 q - a lightning rod (1/4)
   (You found it in a bailey)
 C - a box of beasts
   (You found it on level 11 of the Dungeon)


   Skills:
 + Level 10.0 Fighting
 * Level 12.8 Staves
 - Level 1.5 Dodging
 - Level 2.1 Stealth
 - Level 6.0 Spellcasting
 - Level 6.0 Conjurations
 - Level 6.0 Translocations
 - Level 8.0 Fire Magic


You had 17 spell levels left.
You knew the following spells:

 Your Spells              Type           Power      Damage    Failure   Level
a - Foxfire               Conj/Fire      100%       2x1d9     3%          1
b - Scorch                Fire           78%        2d9       3%          2
c - Kindle Blastsparks    Fire/Tloc/Air  50%        2d14      24%         3

Your spell library contained the following spells:

 Spells                   Type           Power      Damage    Failure   Level
 Lesser Beckoning         Tloc           62%        N/A       7%          2
 Gell's Gravitas          Tloc           31%        N/A       14%         3
 Teleport Other           Tloc           31%        N/A       14%         3
 Inner Flame              Hex/Fire       23%        N/A       30%         3
 Flame Wave               Conj/Fire      35%        2d10      30%         4
 Passage of Golubria      Tloc           31%        N/A       41%         4
 Sting                    Tmut/Pois      24%        1d4       47%         1
 Poisonous Vapours        Pois/Air       12%        N/A       63%         2
 Iskenderun's Battlesphe  Conj           31%        2d8       77%         5
 Animate Dead             Necr           6%         N/A       99%         4
 Olgreb's Toxic Radiance  Pois           6%         N/A       99%         4
 Silence                  Hex/Air        3%         N/A       100%        5
 Iron Shot                Conj/Erth      9%         9d3       100%        6
 Haunt                    Necr/Summ      3%         N/A       100%        7
 Spellforged Servitor     Conj/Summ      9%         N/A       100%        7
 Infestation              Necr           3%         N/A       100%        8
 Lehudib's Crystal Spear  Conj/Erth      9%         10d4      100%        8


Dungeon Overview and Level Annotations

Branches:
Dungeon (12/15)            Temple (1/1) D:7            Lair (0/5) D:11
    Orc (0/2) D:9           Sewer (visited)          Bailey (visited)
  IceCv (1/1)

Altars:
Ashenzari
Cheibriados
Dithmenos
Elyvilon
Fedhas
Gozag
Hepliaklqana
Kikubaaqudgha
Makhleb
Nemelex Xobeh
Okawaru
Qazlal
Ru
Sif Muna
Trog
Uskayaw
Vehumet
Wu Jian
Xom
Yredelemnul
Zin
The Shining One

Shops:
D:3 !

Portals:
Trove: D:10 (give horn of Geryon)

Annotations:
D:8 2 transporters, 112233's ghost, novice NaAE
D:9 2 runed translucent doors, 112233's ghost, novice OpFi IceCv exclusion: ice statue


Innate Abilities, Weirdness & Mutations

You are immune to sickness and miasma.
Your stone body is resilient. (AC +8)
You are immune to poison.
You resist negative energy. (rN+)
You are resistant to electric shocks. (rElec)
You are resistant to unholy torment.
You are immune to petrification.


Message History

You slash the ice statue!
The ice beast disappears in a puff of smoke! x3
You are engulfed in freezing vapours.
You resist. The ice beast closely misses you.
The ice statue gestures.
The ice beast hits you but does no damage.
The ice beast barely misses you.
You slash the ice beast!
The ice statue gestures.
You slash the ice beast!
The ice beast hits you but does no damage. x3
You hit the ice beast but do no damage.
The ice statue gestures.
The ice statue gestures at you.
The bolt of cold hits the ice beast.
The ice beast completely resists.
The bolt of cold hits you. You resist.
You take 6 damage, and have 25/77 hp.
You slash the ice beast!
The ice beast hits you but does no damage. x3
You slash the ice beast!
The ice beast disappears in a puff of smoke!
The ice statue gestures at you.
The ice statue gestures.
The ice beast hits you but does no damage. x2
The ice statue gestures at you.
The bolt of cold hits the ice beast.
The ice beast completely resists.
The bolt of cold hits you but does no damage.
The bolt of cold hits the ice beast.
The ice beast completely resists.
Really walk into that cloud of freezing vapour? [Y]es or [N]o only, please.
Really walk into that cloud of freezing vapour?
You are engulfed in freezing vapours.
You resist.
The white ugly thing gurgles horribly!
The ice beast hits you but does no damage.
The ice beast barely misses you. The ice beast hits you.
* * * LOW HITPOINT WARNING * * *
The ice beast freezes you. You resist.
* * * LOW HITPOINT WARNING * * *
The ice statue gestures.
You take 7 damage, and have 19/77 hp.
Okay, then.
The +7 Kryia's mail coat enhances the healing.
You feel much better.
You are engulfed in freezing vapours.
You resist.
The ice beast hits you but does no damage.
The ice beast hits you. The ice beast freezes you! You resist.
The ice beast closely misses you.
You regained 28 hp, and now have 47/77 hp.
You feel yourself speed up.
You are engulfed in freezing vapours.
You resist.
The ice beast hits you but does no damage. x3
The ice beast closely misses you.
The ice statue glitters chillingly in the dim dungeon light.
The ice beast hits you but does no damage.
You can't go down here!
The ice beast hits you. The ice beast freezes you! You resist.
You take 9 damage, and have 39/77 hp.
The ice beast hits you but does no damage.
The ice beast barely misses you.
You hit the ice statue. You slash the ice statue! You slash the ice statue!
You hit the ice statue but do no damage.
The ice beast closely misses you.
The ice beast hits you but does no damage.
You slash the ice statue! You slash the ice statue! You hit the ice statue.
The ice beast closely misses you. The ice beast barely misses you.
The ice beast hits you but does no damage.
You slash the ice statue!
The ice beast hits you but does no damage.
You hit the ice statue but do no damage.
You hit the ice statue. The ice beast completely misses you.
The ice beast hits you but does no damage.
The ice beast closely misses you.
You hit the ice statue. The ice beast barely misses you.
You hit the ice statue. You slice the ice statue!!
The ice beast disappears in a puff of smoke! x3
The ice statue gestures at you. The bolt of cold misses you.
The ice beast hits you but does no damage.
Your Fighting skill increases to level 10!
The ice beast hits you. The ice beast freezes you! You resist.
You take 10 damage, and have 31/77 hp.
The ice statue glitters chillingly in the dim dungeon light.
You hit the ice statue but do no damage.
You hit the ice statue but do no damage.
You slash the ice statue!
You hit the ice statue but do no damage.
You slash the ice statue! The ice beast closely misses you.
You slash the ice statue! The ice statue gestures at you.
The shard of ice hits you! You partially resist.
* * * LOW HITPOINT WARNING * * *
You take 16 damage, and have 15/77 hp.
MASSIVE DAMAGE!!
You slash the ice statue!
The ice beast hits you but does no damage.
You slash the ice statue! You hit the ice statue.
The ice beast barely misses you. The ice statue gestures at you.
The shard of ice hits you! You partially resist.
You die...

#### ############# !$..#
##(....#.....## #
.....###......#°.....###
.....Y#.Y.....#.......#.
....Zu8@Y...............
.....Z#.......#.......#.
..... ##......#......###
[).. ##.....#..(..## #
### #############


You could see an ice statue, a white ugly thing, 3 ice beasts, a three-headed
hydra simulacrum and a dire elephant simulacrum.

Vanquished Creatures
  Gastronok (D:9)
  Harold (D:11)
  2 two-headed ogres
  Pikel (D:8)
  An ugly thing (IceCv)
  A manticore (D:12)
  2 cyclopes (D:11)
  2 ice statues (IceCv)
  A rime drake (D:11)
  Psyche (D:8)
  Maggie (D:6)
  An anaconda simulacrum (IceCv)
  4 trolls
  12 yaks
  A basilisk (D:8)
  A steam dragon (D:8)
  3 vampire mosquitoes (D:10)
  Menkaure (D:6)
  A death yak simulacrum (IceCv)
  2 acid dragons
  A water moccasin (D:6)
  8 ice beasts
  3 sky beasts
  12 orc warriors
  2 black bears
  An ogre (D:5)
  2 wolves (D:11)
  11 centaurs
  4 lemures
  A kobold brigand (D:7)
  4 bullfrogs
  4 cane toad simulacra (IceCv)
  9 scorpions
  16 wights
  An elephant simulacrum (IceCv)
  20 killer bees
  6 howler monkeys
  A hound (D:6)
  3 jellies
  6 orc priests
  Crazy Yiuf (D:2)
  2 gnoll boudas
  An iron imp (D:9)
  6 iguanas
  7 orc wizards
  19 gnolls
  11 adders
  2 white imps
  An ufetubus (D:4)
  2 worms
  A dart slug (D:2)
  48 orcs
  8 ball pythons
  4 bats
  8 endoplasms
  12 giant cockroaches
  5 goblins
  5 hobgoblins
  5 jackals
  3 quokkas
  12 frilled lizards
  10 kobolds
  2 rats (D:1)
  A spectral hobgoblin (D:1)
331 creatures vanquished.

Vanquished Creatures (others)
  1379 foxfires
1379 creatures vanquished.

Grand Total: 1710 creatures vanquished

Notes
Turn   | Place    | Note
-------+----------+-------------------------------------------
     0 | D:1      | IndexError the Gargoyle Fire Elementalist began the quest
                  | for the Orb.
     0 | D:1      | Reached XP level 1. HP: 10/10 MP: 3/3
   120 | D:1      | Reached XP level 2. HP: 15/15 MP: 0/5
   279 | D:1      | Found a faded altar of an unknown god.
  1159 | D:2      | Reached XP level 3. HP: 19/19 MP: 3/6
  1406 | D:2      | Learned a level 2 spell: Scorch
  1410 | D:2      | Learned a level 3 spell: Kindle Blastsparks
  1618 | D:2      | Reached skill level 3 in Spellcasting
  1773 | D:2      | Found a runed translucent door.
  1774 | D:2      | Noticed Crazy Yiuf
  2090 | D:2      | Killed Crazy Yiuf
  2091 | D:2      | Reached skill level 4 in Fire Magic
  2091 | D:2      | Reached XP level 4. HP: 24/24 MP: 0/8
  2279 | D:3      | Found Ewnocses's Distillery.
  2449 | D:3      | Reached XP level 5. HP: 28/28 MP: 7/10
  3154 | D:4      | Reached skill level 4 in Spellcasting
  3154 | D:4      | Reached skill level 5 in Fire Magic
  3154 | D:4      | Reached XP level 6. HP: 19/32 MP: 2/12
  3220 | D:4      | Found a glowing drain.
  3229 | Sewer    | Entered a sewer
  3447 | Sewer    | Reached skill level 6 in Fire Magic
  3449 | Sewer    | Reached skill level 2 in Conjurations
  3529 | D:4      | Found a shimmering altar of Xom.
  3569 | D:4      | Noticed a black bear
  3599 | D:4      | Reached XP level 7. HP: 36/36 MP: 10/13
  3703 | D:4      | Reached skill level 3 in Conjurations
  3775 | D:4      | Noticed an angel
  3778 | D:4      | Found a glowing silver altar of Zin.
  4151 | D:5      | Entered Level 5 of the Dungeon
  4159 | D:5      | Reached skill level 4 in Conjurations
  4159 | D:5      | Reached skill level 7 in Fire Magic
  4318 | D:5      | Reached XP level 8. HP: 41/41 MP: 11/14
  4434 | D:4      | Reached skill level 5 in Conjurations
  4599 | D:5      | Reached skill level 6 in Conjurations
  4599 | D:5      | Reached skill level 8 in Fire Magic
  4769 | D:5      | Found the +7 Kryia's mail coat {PotionHeal*2 rC+}
  4840 | D:5      | Reached skill level 1 in Translocations
  4951 | D:5      | Reached skill level 2 in Translocations
  5350 | D:6      | Reached skill level 5 in Spellcasting
  5450 | D:6      | Identified 2 scrolls of acquirement
  5511 | D:6      | Acquired a +2 lajatang of speed
  5515 | D:6      | Acquired the ring of Diregg {rF+ rC- rN+ Will+++ Slay+4}
  5554 | D:6      | Reached skill level 3 in Translocations
  5554 | D:6      | Reached XP level 9. HP: 45/45 MP: 16/16
  5662 | D:6      | Reached skill level 4 in Translocations
  5742 | D:6      | Noticed Maggie
  5754 | D:6      | Killed Maggie
  5755 | D:6      | Reached skill level 6 in Spellcasting
  5755 | D:6      | Reached skill level 5 in Translocations
  5925 | D:6      | Noticed Menkaure
  5930 | D:6      | Killed Menkaure
  5999 | D:6      | Found a glowing golden altar of the Shining One.
  5999 | D:6      | Found a radiant altar of Vehumet.
  5999 | D:6      | Found a shimmering blue altar of Sif Muna.
  6283 | D:7      | Reached skill level 6 in Translocations
  6295 | D:7      | Noticed a two-headed ogre
  6339 | D:7      | Reached skill level 1 in Fighting
  6339 | D:7      | Reached skill level 1 in Staves
  6486 | D:7      | Reached skill level 2 in Staves
  6490 | D:7      | Reached skill level 2 in Fighting
  6497 | D:7      | Reached skill level 3 in Staves
  6637 | D:7      | Reached XP level 10. HP: 52/55 MP: 13/19
  6689 | D:7      | Reached skill level 3 in Fighting
  6689 | D:7      | Reached skill level 4 in Staves
  6881 | D:7      | Found a staircase to the Ecumenical Temple.
  6886 | Temple   | Entered the Ecumenical Temple
  6945 | Temple   | Became a worshipper of Ashenzari the Shackled
  7416 | D:7      | Killed a two-headed ogre
  7417 | D:7      | Reached skill level 4 in Fighting
  7417 | D:7      | Reached skill level 5 in Staves
  7583 | D:8      | Noticed a two-headed ogre
  7653 | D:8      | Noticed Pikel
  7781 | D:8      | Found a transporter.
  7783 | D:8      | Found a transporter.
  7888 | D:8      | Found a hazy altar of Hepliaklqana.
  7902 | D:8      | Reached skill level 6 in Staves
  7939 | D:8      | Noticed Psyche
  7948 | D:8      | Killed Psyche
  8043 | D:8      | Killed a two-headed ogre
  8044 | D:8      | Reached skill level 5 in Fighting
  8044 | D:8      | Reached skill level 7 in Staves
  8092 | D:8      | Killed Pikel
  8148 | D:8      | Reached skill level 6 in Fighting
  8239 | D:8      | Noticed 112233's ghost (novice NaAE)
  8580 | D:9      | Reached skill level 8 in Staves
  8604 | D:8      | Reached XP level 11. HP: 30/64 MP: 12/20
  8784 | D:9      | Found a flagged portal.
  8850 | Bailey   | Entered a bailey
  8963 | Bailey   | Reached skill level 9 in Staves
  9015 | Bailey   | HP: 16/66 [orc warrior/+0 halberd (4)]
  9033 | Bailey   | Reached skill level 7 in Fighting
  9062 | Bailey   | HP: 14/67 [orc warrior/+0 halberd (12)]
 10036 | D:9      | Noticed Gastronok
 10090 | D:9      | Killed Gastronok
 10091 | D:9      | Reached skill level 10 in Staves
 10146 | D:9      | Found a snail-covered altar of Cheibriados.
 10259 | D:9      | Reached skill level 8 in Fighting
 10332 | D:9      | Found a staircase to the Orcish Mines.
 10473 | D:9      | Found a large runed translucent door.
 10473 | D:9      | Found a large runed translucent door.
 10474 | D:9      | Noticed 112233's ghost (novice OpFi)
 10499 | D:10     | Entered Level 10 of the Dungeon
 10720 | D:10     | Found an ornate altar of the Wu Jian Council.
 10727 | D:10     | Found an iron altar of Okawaru.
 10948 | D:10     | Found a portal to a secret trove of treasure.
 11106 | D:11     | Noticed Harold
 11127 | D:11     | Killed Harold
 11128 | D:11     | Reached skill level 11 in Staves
 11412 | D:11     | Reached XP level 12. HP: 69/75 MP: 1/21
 11471 | D:11     | Reached skill level 9 in Fighting
 11542 | D:11     | Found a staircase to the Lair.
 11784 | D:11     | Reached skill level 12 in Staves
 12483 | D:12     | Found a frozen archway.
 12493 | IceCv    | Entered an ice cave
 12507 | IceCv    | HP: 19/77 [cane toad simulacrum (3)]
 12510 | IceCv    | HP: 5/77 [cane toad simulacrum (6)]
 13130 | IceCv    | HP: 19/77 [ice beast[an ice statue] (4)]
 13149 | IceCv    | Reached skill level 10 in Fighting
 13156 | IceCv    | HP: 15/77 [ice statue/shard of ice (16)]
 13159 | IceCv    | Killed from afar by an ice statue

Illustrated notes

Levels and vault maps discovered:
D:1:      dpeg_arrival_court, layout_basic,
          dreamdust_ecumenical_altar_drowned_temple, dreamdust_princess_corridor
D:2:      layout_rooms, uniq_crazy_yiuf_cottage
D:3:      layout_loops_ring, serial_shops, shop
D:4:      layout_cave_pools, grunt_temple_overflow_order_and_chaos_1,
          portal_sewer_entry_d, grunt_ministairs_10
D:5:      layout_loops_ring
D:6:      layout_cave_pools, gammafunk_temple_overflow_claw, serial_glass,
          glass_columns_a, glass_columns_c, glass_columns_a, glass_columns_b,
          uniq_maggie, uniq_menkaure
D:7:      layout_cave_pods, minmay_temple_entry_butterflies
D:8:      layout_basic, general_overflow_altar, gammafunk_ghost_hive,
          uniq_pikel, uniq_psyche
D:9:      layout_basic, slow_altar_1, orc_0_dummy, enter_bailey_2,
          ebering_ghost_disaster_area, minmay_misc_feat_diagonals,
          uniq_gastronok
D:10:     layout_rooms, mainiacjoe_overflow_big_doors,
          nicolae_trove_entry_crystal
D:11:     layout_roguey, hellmonk_lair_entry_icy, uniq_harold
D:12:     layout_stronghold, portal_ice_cave_entry_pillars_2,
          muffindrake_ghost_dual_entry, serial_park_tiny_2,
          nicolae_concentric_dashed_squares_mild, uniq_frances, uniq_kirke,
          uniq_nessos
Temple:   nicolae_temple_god_jail
IceCv:    ice_cave_statue_garden_chambered

Skill      XL: |  1  2  3  4  5  6  7  8  9 10 11 12 |
---------------+-------------------------------------+-----
Spellcasting   | 3 4 5 6 |  6.0
Fire Magic     | 4 5 6 7 8 |  8.0
Conjurations   | 2 4 6 |  6.0
Translocations | 3 6 |  6.0
Fighting       | 2 6 8 10 | 10.0
Staves         | 3 8 11 12 | 12.8
Dodging        | |  1.5
Stealth        | |  2.1

Action                     |  1- 3 |  4- 6 |  7- 9 | 10-12 || total
---------------------------+-------+-------+-------+-------++-------
  Melee: Unarmed           |     5 |       |       |       ||     5
         Short sword       |    17 |     7 |       |       ||    24
         Spear             |       |       |    12 |       ||    12
         Lajatang          |       |       |    40 |   358 ||   398
         Staff             |       |       |       |    29 ||    29
  Throw: Javelin           |       |       |       |    27 ||    27
   Cast: Foxfire           |    63 |   101 |   186 |   431 ||   781
         Kindle Blastspark |     2 |       |     3 |     2 ||     7
         Scorch            |       |     7 |    21 |    75 ||   103
  Evoke: Lightning rod     |       |       |       |     3 ||     3
         Wand              |       |       |       |     1 ||     1
    Use: Scroll            |       |     4 |    14 |    11 ||    29
         Potion            |       |       |       |     5 ||     5
   Stab: Sleeping          |       |     1 |       |       ||     1
 Armour: Robe              |    13 |     4 |    12 |       ||    29
         Scale mail        |       |       |    53 |   348 ||   401
  Dodge: Dodged            |    19 |     7 |    47 |   211 ||   284

Table legend: (Time is in decaauts)
 A = Elapsed time spent in this place.
 B = Non-inter-level travel time spent in this place.
 C = Inter-level travel time spent in this place.
 D = Time resting spent in this place.
 E = Time spent auto-exploring this place.
 F = Levels seen in this place.
 G = Mean time per level.
                   A        B        C        D        E       F      G
               +--------+--------+--------+--------+--------+-----+--------+
         Total |  13037 |  11849 |   1188 |    476 |   8745 |  16 |  814.8 |
       Dungeon |  11046 |   9884 |   1162 |     92 |   7921 |  12 |  920.5 |
        Temple |     68 |     42 |     26 |      0 |     28 |   1 |   68.0 |
         Sewer |    307 |    307 |      0 |      0 |    200 |   1 |  307.0 |
        Bailey |   1030 |   1030 |      0 |    209 |    459 |   1 | 1030.0 |
      Ice Cave |    584 |    584 |      0 |    175 |    136 |   1 |  584.0 |
               +--------+--------+--------+--------+--------+-----+--------+

Top non-repeatable levels by time:
     D:7: 1302 daAuts
     D:5: 1229 daAuts
     D:1: 1159 daAuts
    D:11: 1121 daAuts
     D:2: 1089 daAuts
  Bailey: 1030 daAuts
     D:8: 999 daAuts
     D:4: 875 daAuts
     D:3: 870 daAuts
     D:6: 848 daAuts
     D:9: 825 daAuts
    D:10: 607 daAuts
   IceCv: 584 daAuts
   Sewer: 307 daAuts
    D:12: 116 daAuts

Table legend:
 A = Kills in this place as a percentage of kills in the entire game.
 B = Kills by you in this place as a percentage of kills by you in the entire game.
 C = Kills by friends in this place as a percentage of kills by friends in the entire game.
 D = Other kills in this place as a percentage of other kills in the entire game.
 E = Experience gained in this place as a percentage of experience gained in the entire game.
 F = Experience gained in this place divided by the number of levels of this place that you have seen.
                   A       B       C       D       E      F
               +-------+-------+-------+-------+-------+----------------------
         Total | 100.0 | 100.0 |   N/A |   N/A | 100.0 | 1602.2
       Dungeon |  77.4 |  77.4 |   N/A |   N/A |  80.9 | 1728.3
         Sewer |   7.0 |   7.0 |   N/A |   N/A |   1.0 | 251.0
        Bailey |  12.5 |  12.5 |   N/A |   N/A |   8.8 | 2265.0
      Ice Cave |   3.1 |   3.1 |   N/A |   N/A |   9.3 | 2380.0
               +-------+-------+-------+-------+-------+----------------------
